Map: Dusk Towers

Players

JustaGozu

  • Race: Terran Terran
  • League: Grandmaster

Miszu - Winner!

  • Race: Terran Terran
  • League: Grandmaster

VOD

Have the link to the VOD?

Description

Time

  • Played on: May 23, 2016, 3:16 p.m.
  • Length: 4:34
Show
View Real Time Build Order
Export as new Build Order

JustaGozu Terran 

Build Orders:  

Get SALT Encoding   

  12  0:01  SCV  
  13  0:17  Supply Depot  
  13  0:43  Barracks  
  13  0:49  Barracks  
  13  1:05  Barracks  
  13  1:30  Marine  
  14  1:33  Barracks  
  14  1:36  Marine  
  15  1:41  Supply Depot  
  15  1:48  Marine  
  15  1:52  Marine  
  17  1:56  Marine  
  18  2:06  Marine  
  18  2:10  Marine  
  18  2:14  Marine  
  20  2:24  Marine  
  21  2:31  Marine  
  21  2:32  Marine  
  24  2:37  SCV  
  24  2:42  Refinery  
  23  2:45  Marine  
  23  2:50  Marine  
  25  2:54  SCV  
  26  2:59  Marine  
  27  3:10  Marine x2  
  29  3:22  Marine x2  
  29  3:28  Marine  
  30  3:38  Supply Depot  
  25  3:59  Marine x4  
Show
View Real Time Build Order
Export as new Build Order

Miszu Terran - Winner!

Build Orders:  

Get SALT Encoding   

  12  0:00  SCV  
  13  0:13  SCV  
  14  0:17  Supply Depot  
  14  0:25  SCV  
  15  0:39  SCV  
  15  0:42  Barracks  
  16  0:46  Refinery  
  16  0:51  SCV  
  17  1:03  SCV  
  18  1:15  SCV  
  19  1:27  SCV  
  19  1:30  Barracks Reactor  
  20  1:37  Marine  
  21  1:42  Orbital Command  
  21  1:43  Bunker  
  21  1:53  Supply Depot  
  21  1:54  Marine  
  21  2:00  Factory  
  21  2:12  Marine  
  22  2:17  SCV  
  24  2:30  Marine, SCV  
  25  2:42  SCV  
  25  2:43  Hellion  
  28  2:45  Supply Depot  
  28  2:47  Starport  
  28  2:50  Marine  
  29  2:54  SCV  
  30  3:06  SCV  
  30  3:08  Marine  
  31  3:13  Hellion  
  31  3:18  SCV  
  34  3:26  Marine  
  35  3:27  Medivac  
  35  3:30  SCV  
  35  3:32  Supply Depot  
  38  3:42  Hellion  
  39  3:52  Marine  
  39  3:53  SCV  
  37  4:03  Hellion  
  37  4:07  SCV  
  37  4:09  Orbital Command  
  39  4:15  Marine  
Tags
 
Add a new tag
Caveats
  • Supply blocks, unpowered buildings, or Contaminate may cause inaccurate times.
  • Supply counts are checked every 10 seconds.